 Dungeon Crawl Stone Soup version 0.24-a0-29-g43a6aff (console) character file.

Game seed: 14495488207686859502

11 Duffy the Skirmisher (level 2, -1/28 HPs)
             Began as a Naga Fighter on Feb 2, 2019.
             Slain by a gnoll
             ... wielding a +0 spear
              (3 damage)
             ... on level 2 of the Dungeon.
             The game lasted 00:00:27 (139 turns).

Duffy the Skirmisher (Naga Fighter)                  Turns: 139, Time: 00:00:28

Health: -1/28      AC:  4    Str: 18    XL:     2   Next: 29%
Magic:  2/2        EV:  5    Int:  8    God:
Gold:   0          SH:  8    Dex: 10    Spells: 1/1 levels left

rFire    . . .     SeeInvis +   a - +0 war axe
rCold    . . .     Gourm    .   c - +0 shield
rNeg     . . .     Faith    .   b - +0 scale mail
rPois    +         Spirit   .   (no helmet)
rElec    .         Reflect  .   (no cloak)
rCorr    .         Harm     .   (no gloves)
MR       .....                  (no barding)
Stlth    ..........             (no amulet)
HPRegen  0.09/turn              (no ring)
MPRegen  0.08/turn              (no ring)

@: short of breath, very slow
A: large, see invisible, deformed body, poison resistance, slowness 2, slow
metabolism 1, spit poison 1, AC +0
a: Spit Poison


You were on level 2 of the Dungeon.
You were not hungry.

You visited 1 branch of the dungeon, and saw 2 of its levels.

Inventory:

Hand Weapons
 a - a +0 war axe (weapon)
Armour
 b - a +0 scale mail (worn)
 c - a +0 shield (worn)
Potions
 d - a potion of might
Comestibles
 f - a ration
 g - 6 chunks of flesh


   Skills:
 - Level 3.0 Fighting
 + Level 2.4 Axes
 - Level 2.4 Armour
 + Level 2.7 Shields


You had one spell level left.
You didn't know any spells.
Your spell library was empty.

Dungeon Overview and Level Annotations

Branches:
Dungeon (2/15)

Altars:


Innate Abilities, Weirdness & Mutations

You cannot wear boots.
Your serpentine skin is tough. (AC +0)
You have supernaturally acute eyesight. (SInv)
Armour fits poorly on your strangely shaped body.
Your system is resistant to poisons. (rPois)
You cover ground very slowly.
You have a slow metabolism.
You can spit poison.


Message History

The gnoll hits you but does no damage.
Items here: %% ( ))))
Your shield and scale mail prevent you from hitting the gnoll.
You block the gnoll's attack. x2
You slash the gnoll!
The gnoll is heavily wounded.
You have got your breath back.
The gnoll hits you with a +0 spear.
You hit the gnoll.
The gnoll is almost dead.
You block the gnoll's attack. x2
Press: ? - help, Shift-Dir - straight line, f/p - gnoll
Aim: a gnoll, wielding a +0 spear (severely wounded)
The splash of poison hits the gnoll but does no damage.
The gnoll is severely wounded.
You feel slightly more hungry. You block the gnoll's attack.
You barely miss the gnoll.
The gnoll is severely wounded.
The gnoll hits you with a +0 spear.
You die...

### ## ..# ###.# #.##
###...## #.##.###......#
.. #.##.#.......)## #
..# #.##....%%.....# #$
..# #.###..........##
#.##.# #@# #.....#.....#
..#.# #g# ##..........#
#.$# #.# #............
#.######.#
###........###
##.gg.....###.#.%....###
#..###........##...###.#
#...# #.######.##.###
#.# ##..# #.# #..#.# #.#
b..# #.# #....# #.#


You could see a gnoll.

Vanquished Creatures
  2 giant cockroaches (D:2)
  A goblin (D:2)
  2 hobgoblins (D:2)
  A kobold (D:2)
  2 bats (D:2)
  3 frilled lizards (D:2)
11 creatures vanquished.

Notes
Turn   | Place    | Note
-------+----------+-------------------------------------------
     0 | D:1      | Duffy the Naga Fighter began the quest for the Orb.
     0 | D:1      | Reached XP level 1. HP: 21/21 MP: 1/1
    90 | D:2      | Reached XP level 2. HP: 28/28 MP: 2/2
   139 | D:2      | Slain by a gnoll

Vault maps used:
D:1:      dpeg_arrival_fog, serial_bayou, serial_bayou_shore_b,
          serial_bayou_shore_b, serial_bayou_lake_a, serial_bayou_crossing,
          minmay_misc_feat_enclosed, minmay_pentomino_w2
D:2:      minmay_skewed_foursquare, first_ration, minmay_ruptured

Action                   || total
-------------------------++-------
Melee: War axe           ||    40
 Abil: Spit Poison       ||     4
Armor: Scale mail        ||    41
Dodge: Dodged            ||    14
Block: Shield            ||    33

Table legend:
 A = Non-vault XP
 B = Vault XP
 C = Vault XP percentage of total XP
 D = Non-vault monster count
 E = Vault monster count
 F = Vault count percentage of total count
                 A         B        C        D         E       F
            +---------+---------+-------+---------+---------+-------
      Total |      10 |       7 |  41.2 |       6 |       5 |  45.5
            +---------+---------+-------+---------+---------+-------
        D:2 |      10 |       7 |  41.2 |       6 |       5 |  45.5
            +---------+---------+-------+---------+---------+-------
